 Dungeon Crawl Stone Soup version 0.22-a0-305-gd21a89c (webtiles) character file.

2375 4thArraOfDagon the Reanimator (level 9, 0/62 HPs)
             Began as a Demigod Necromancer on Mar 31, 2018.
             Slain by a centaur warrior (10 damage)
             ... on level 8 of the Dungeon.
             The game lasted 00:18:27 (4481 turns).

4thArraOfDagon the Reanimator (Demigod Necromancer) Turns: 4481, Time: 00:18:27

Health: 0/62       AC:  6    Str: 13    XL:     9   Next: 2%
Magic:  3/19       EV: 11    Int: 25    God:
Gold:   302        SH:  0    Dex: 16    Spells: 2/17 levels left

rFire    . . .     SeeInvis .   F - +0 glaive (venom)
rCold    . . .     Gourm    .   (shield currently unavailable)
rNeg     . . .     Faith    .   e - +0 ring mail
rPois    +         Spirit   .   b - +0 helmet of Hysteria {rCorr Str+2 Int+2}
rElec    .         Reflect  .   (no cloak)
rCorr    +         Harm     .   (no gloves)
MR       .....                  (no boots)
Stlth    +.........             w - amulet of magic regeneration
HPRegen  0.20/turn              h - -2 ring of intelligence (curse)
MPRegen  0.41/turn              l - ring of poison resistance

@: very slightly contaminated
A: high mp 1
a: no special abilities


You were on level 8 of the Dungeon.
You were hungry.

You visited 1 branch of the dungeon, and saw 8 of its levels.

You collected 302 gold pieces.

Inventory:

Hand Weapons
 d - a +2 vampiric spear
 E - a +2 war axe of chopping
 F - a +0 glaive of venom (weapon)
Armour
 a - a +0 robe
 b - the +0 helmet of Hysteria (worn) {rCorr Str+2 Int+2}
   (You took it off Robin on level 3 of the Dungeon)

   It affects your strength (+2).
   It affects your intelligence (+2).
   It protects you from acid and corrosion.
 e - a +0 ring mail (worn)
 z - a +2 chain mail of cold resistance
Jewellery
 h - a cursed -2 ring of intelligence (left hand)
 l - a ring of poison resistance (right hand)
 w - an amulet of magic regeneration (around neck)
Wands
 c - a wand of flame (4)
 n - a wand of random effects (15)
 u - a wand of enslavement (7)
 y - a wand of acid (4)
 B - a wand of scattershot (6)
Scrolls
 f - a scroll of magic mapping {unknown}
 g - 4 scrolls of fog {unknown}
 k - 3 scrolls of remove curse {unknown}
 o - 2 scrolls of amnesia {unknown}
 p - 8 scrolls of identify {unknown}
 r - 5 scrolls of teleportation {unknown}
 x - a scroll of immolation {unknown}
 D - a scroll of vulnerability {unknown}
Potions
 i - a potion of brilliance {unknown}
 j - 2 potions of flight
 q - 5 potions of curing {unknown}
 s - 3 potions of lignification
 t - 2 potions of might
 v - 2 potions of berserk rage {unknown}
 A - a potion of resistance {unknown}
Comestibles
 m - 6 rations


   Skills:
 - Level 1.7 Dodging
 - Level 1.7 Stealth
 + Level 4.8 Spellcasting
 * Level 4.0 Conjurations
 - Level 9.0 Necromancy
 * Level 4.0 Fire Magic


You had 2 spell levels left.
You knew the following spells:

 Your Spells              Type           Power        Failure   Level  Hunger
a - Pain                  Necr           ####         1%          1    None
b - Vampiric Draining     Necr           ######....   1%          3    ##.....
c - Regeneration          Chrm/Necr      ####......   9%          3    ##.....
d - Animate Dead          Necr           N/A          4%          4    ####...
e - Sticky Flame          Conj/Fire      ####....     34%         4    ####...


Dungeon Overview and Level Annotations

Branches:
Dungeon (8/15)             Temple (0/1) D:7
   Lair: D:8-11

Shops:
D:6 %

Annotations:
D:4 Amnesiac's ghost, amateur KoFi; Dowan
D:7 exclusion: oklob plant


Innate Abilities, Weirdness & Mutations

You have an increased reservoir of magic. (+10% MP)


Message History

* * * LOW HITPOINT WARNING * * *
Casting: Vampiric Draining (safe; 1% risk of failure)
Confirm with . or Enter, or press ? or * to list all spells.
Aiming: Vampiric Draining (safe; 1% risk of failure)
Press: ? - help, Shift-Dir - straight line, f/p - centaur warrior
Aim: a centaur warrior (severely wounded)
The centaur warrior is almost dead.
You feel life coursing into your body. The centaur warrior hits you.
* * * LOW HITPOINT WARNING * * *
The centaur warrior hits you but does no damage.
Casting: Vampiric Draining (safe; 1% risk of failure)
Confirm with . or Enter, or press ? or * to list all spells.
Aiming: Vampiric Draining (safe; 1% risk of failure)
Press: ? - help, Shift-Dir - straight line, f/p - centaur warrior
Aim: a centaur warrior (almost dead)
You miscast Vampiric Draining.
You are very lightly contaminated with residual magic.
The world around you seems to dim momentarily.
The centaur warrior hits you!
You die...

#########
#########........
########............####
.....Zc@............#
.#######............#
##'######.#### #####'##
#.# #......#####.#
#......'.....#
.......[.#######
....###### ....


You could see a centaur warrior and a hound skeleton.

Vanquished Creatures
  Duvessa (D:4)
  3 orc warriors
  3 sky beasts
  A phantom (D:6)
  3 ogres
  A necrophage (D:6)
  2 centaurs (D:5)
  2 bullfrogs
  2 scorpions (D:5)
  A howler monkey (D:7)
  A crimson imp (D:5)
  A bullfrog zombie (D:6)
  A centaur zombie (D:7)
  4 orc priests
  2 hounds
  3 orc wizards
  Ijyb (D:5)
  Natasha (D:2)
  3 iguanas
  5 worker ants
  A hound zombie (D:7)
  Robin (D:3)
  8 adders
  A howler monkey skeleton (D:7)
  A shadow imp (D:7)
  2 oozes
  An adder skeleton (D:5)
  3 worms
  A dart slug (D:2)
  5 leopard geckos
  16 orcs
  6 bats
  3 giant cockroaches
  11 goblins
  14 hobgoblins
  12 kobolds
  4 quokkas
  3 ball pythons
  6 frilled lizards
  A giant cockroach zombie (D:6)
  7 rats
148 creatures vanquished.

Vanquished Creatures (collateral kills)
  An orc wizard (D:7)
  A centaur skeleton (D:7)
2 creatures vanquished.

Vanquished Creatures (others)
  An orc priest (D:7)
1 creature vanquished.

Grand Total: 151 creatures vanquished

Notes
Turn   | Place    | Note
-------+----------+-------------------------------------------
     0 | D:1      | 4thArraOfDagon the Demigod Necromancer began the quest for the Orb.
     0 | D:1      | Reached XP level 1. HP: 14/14 MP: 5/5
    91 | D:2      | Noticed a worker ant
    95 | D:2      | Reached XP level 2. HP: 20/20 MP: 5/7
   173 | D:3      | Reached skill level 4 in Necromancy
   181 | D:3      | Found an opulent altar of Gozag.
   265 | D:3      | Noticed Robin
   418 | D:3      | Killed Robin
   418 | D:3      | Reached XP level 3. HP: 3/26 MP: 0/9
   423 | D:3      | Got a faintly glowing helmet
   439 | D:3      | Learned a level 3 spell: Vampiric Draining
   444 | D:3      | Identified the +0 helmet of Hysteria {rCorr Str+2 Int+2} (You took it off Robin on level 3 of the Dungeon)
   837 | D:2      | Reached XP level 4. HP: 29/33 MP: 11/11
  1205 | D:2      | Reached skill level 5 in Necromancy
  1231 | D:2      | Noticed Natasha
  1267 | D:2      | Killed Natasha
  1444 | D:2      | Reached XP level 5. HP: 20/38 MP: 5/12
  1770 | D:4      | Noticed Duvessa
  1770 | D:4      | Noticed Dowan
  1770 | D:4      | Noticed Amnesiac's ghost (amateur KoFi)
  1895 | D:3      | Reached skill level 6 in Necromancy
  2022 | D:4      | Killed Duvessa
  2022 | D:4      | Reached XP level 6. HP: 29/45 MP: 0/13
  2069 | D:4      | Learned a level 3 spell: Regeneration
  2075 | D:4      | Learned a level 4 spell: Animate Dead
  2161 | D:5      | Entered Level 5 of the Dungeon
  2201 | D:5      | Reached skill level 7 in Necromancy
  2346 | D:4      | Reached XP level 7. HP: 50/50 MP: 14/14
  2414 | D:4      | Reached skill level 8 in Necromancy
  2656 | D:5      | Reached skill level 9 in Necromancy
  2826 | D:5      | Noticed Ijyb
  2834 | D:5      | Killed Ijyb
  2903 | D:6      | Reached XP level 8. HP: 25/57 MP: 6/17
  2947 | D:6      | Learned a level 4 spell: Sticky Flame
  3154 | D:6      | Reached skill level 1 in Conjurations
  3154 | D:6      | Reached skill level 1 in Fire Magic
  3253 | D:6      | Found Miegi's Food Shop.
  3567 | D:7      | Found a staircase to the Ecumenical Temple.
  4238 | D:7      | Reached XP level 9. HP: 33/62 MP: 19/19
  4282 | D:7      | Found a blossoming altar of Fedhas.
  4345 | D:7      | Noticed an oklob plant
  4470 | D:8      | Noticed a centaur warrior
  4481 | D:8      | Slain by a centaur warrior

Vault maps used:
D:1:      mushboom_english_gardens
D:2:      uniq_natasha
D:3:      first_ration, nicolae_gozag_cash_rules_everything_around_me,
          uniq_robin
D:4:      roderic_batcave, corexii_item_surrounded_by_moat, uniq_duvessa
D:5:      kennysheep_generic_room_13, uniq_ijyb
D:6:      kennysheep_spiral_hall, serial_co_window_serial,
          co_window_of_opportunity_a, co_window_corner_a, co_window_paths_b,
          co_window_paths_a, co_window_paths_a, co_window_corner_a,
          co_window_corner_a, co_window_paths_c, co_window_broadway_b,
          co_window_paths_c, glass_columns_b, serial_shops,
          nicolae_shop_behind_doors
D:7:      tgw_fedhas, minmay_temple_entry_steel_oval
D:8:      serial_shops, shop

Skill      XL: |  1  2  3  4  5  6  7  8 |
---------------+-------------------------+-----
Spellcasting   | 2 3 4 |  4.8
Necromancy     | 4 5 6 7 9 |  9.0
Conjurations   | 4 |  4.0
Fire Magic     | 4 |  4.0
Dodging        | |  1.7
Stealth        | |  1.7

Action                   |  1- 3 |  4- 6 |  7- 9 || total
-------------------------+-------+-------+-------++-------
Melee: Spear             |   119 |   194 |   176 ||   489
       Unarmed           |     5 |       |       ||     5
       War axe           |       |       |    58 ||    58
       Glaive            |       |       |    42 ||    42
 Cast: Pain              |    16 |     6 |     3 ||    25
       Vampiric Draining |     3 |    16 |    51 ||    70
       Animate Dead      |       |       |     3 ||     3
       Regeneration      |       |       |     9 ||     9
Evoke: Wand              |     3 |     6 |    12 ||    21
  Use: Potion            |     2 |     2 |       ||     4
 Stab: Sleeping          |     2 |     1 |     3 ||     6
       Distracted        |       |       |     1 ||     1
  Eat: Ration            |     1 |       |       ||     1
       Chunk             |     1 |     7 |    12 ||    20
Armor: Robe              |     3 |       |       ||     3
       Ring mail         |    29 |    61 |   127 ||   217
       Skin              |       |     7 |       ||     7
Dodge: Dodged            |    56 |   109 |   180 ||   345

Table legend:
 A = Spawn XP
 B = Non-spawn XP
 C = Spawn XP percentage of total XP
 D = Spawn monster count
 E = Non-spawn monster count
 F = Spawn count percentage of total count
 G = Total turns spent on level
                    A         B        C        D         E        F      G
               +---------+---------+-------+---------+---------+-------+---------
         Total |       0 |    3394 |   0.0 |       0 |     150 |   0.0 |  4481
               +---------+---------+-------+---------+---------+-------+---------
           D:1 |       0 |      33 |   0.0 |       0 |      21 |   0.0 |   321
           D:2 |       0 |     201 |   0.0 |       0 |      26 |   0.0 |   828
           D:3 |       0 |     131 |   0.0 |       0 |      37 |   0.0 |   829
           D:4 |       0 |     463 |   0.0 |       0 |      12 |   0.0 |   386
           D:5 |       0 |     808 |   0.0 |       0 |      21 |   0.0 |   528
           D:6 |       0 |     863 |   0.0 |       0 |      15 |   0.0 |   855
           D:7 |       0 |     895 |   0.0 |       0 |      18 |   0.0 |   658
               +---------+---------+-------+---------+---------+-------+---------
